 Dungeon Crawl Stone Soup version 0.24-a0-189-g5d897e9 (webtiles) character file.

Game seed: 4630783813503326520

226 Azzok the Firebug (level 6, 0/36 HPs)
             Began as an Octopode Fire Elementalist on Mar 16, 2019.
             Killed from afar by an orc wizard (8 damage)
             ... with a magic dart
             ... on level 4 of the Dungeon.
             The game lasted 00:06:26 (3906 turns).

Azzok the Firebug (Octopode Fire Elementalist)      Turns: 3906, Time: 00:06:28

Health: 0/36       AC:  1    Str:  7    XL:     6   Next: 1%
Magic:  0/11       EV: 13    Int: 19    God:
Gold:   153        SH:  0    Dex: 13    Spells: 11/12 levels left

rFire    . . .     SeeInvis .   (no weapon)
rCold    . . .     Gourm    .   (no shield)
rNeg     . . .     Faith    .   (helmet restricted)
rPois    .         Spirit   .   (no amulet)
rElec    .         Reflect  .   q - ring of resist corrosion
rCorr    +         Harm     .   (no ring)
MR       .....                  (no ring)
Stlth    +++.......             (no ring)
HPRegen  0.12/turn              (no ring)
MPRegen  0.12/turn              (no ring)
                                (no ring)
                                (no ring)

@: no status effects
A: almost no armour, stealthy swim, amphibious, 8 rings, constrict 8, camouflage
1, gelatinous body 1
a: no special abilities


You were on level 4 of the Dungeon.
You were not hungry.

You visited 1 branch of the dungeon, and saw 4 of its levels.

You collected 153 gold pieces.

Inventory:

Jewellery
 q - a ring of resist corrosion (left tentacle)
 t - an uncursed ring of flight {unknown}
Wands
 l - a wand of iceblast (4)
Scrolls
 a - a scroll of fog {unknown}
 e - a scroll of noise {unknown}
 g - 2 scrolls of remove curse {unknown}
 i - 5 scrolls of identify {unknown}
 m - a scroll of teleportation {unknown}
 o - 3 scrolls of fear {unknown}
Potions
 c - 2 potions of brilliance {unknown}
 d - 2 potions of invisibility {unknown}
 f - a potion of heal wounds {unknown}
 h - a potion of magic {unknown}
 j - 2 potions of flight {unknown}
 k - a potion of ambrosia {unknown}
 n - a potion of mutation {unknown}
 p - a potion of lignification {unknown}
 r - a potion of agility {unknown}
 s - a potion of curing {unknown}
Comestibles
 b - 5 rations


   Skills:
 - Level 2.0 Dodging
 - Level 2.6 Stealth
 + Level 3.5 Spellcasting
 + Level 3.3 Conjurations
 + Level 4.4 Fire Magic


You had 11 spell levels left.
You knew the following spells:

 Your Spells              Type           Power        Failure   Level  Hunger
a - Flame Tongue          Conj/Fire      ###..        3%          1    None

Your spell library contained the following spells:

 Spells                   Type           Power        Failure   Level  Hunger
 Throw Flame              Conj/Fire      ###...       4%          2    ##.....
 Conjure Flame            Conj/Fire      ###.....     9%          3    ###....
 Inner Flame              Hex/Fire       ##......     17%         3    ###....
 Sticky Flame             Conj/Fire      ###.....     28%         4    ####...
 Fireball                 Conj/Fire      ###.......   63%         5    ######.


Dungeon Overview and Level Annotations

Branches:
Dungeon (4/15)
 Temple: D:4-7

Altars:
Dithmenos
Fedhas
Hepliaklqana
Trog
Yredelemnul

Shops:
D:4 =


Innate Abilities, Weirdness & Mutations

You cannot wear most types of armour.
You are very stealthy in the water. (Stealth+)
You are amphibious.
You can wear up to eight rings at the same time.
You can use your tentacles to constrict eight enemies at once.
Your skin changes colour to match your surroundings (Stealth+).
Your rubbery body absorbs attacks. (AC +1, EV +1)


Message History

The orc wizard is severely wounded.
* * * LOW MAGIC WARNING * * *
Casting: Flame Tongue (safe; 3% risk of failure)
Confirm with . or Enter, or press ? or * to list all spells.
You don't have enough magic to cast that spell.
The orc wizard hits you with a +0 dagger.
* * * LOW HITPOINT WARNING * * *
The orc wizard barely misses you.
You tentacle-slap the orc wizard but do no damage.
Your grab misses the orc wizard.
The orc wizard is severely wounded.
The orc wizard misses you.
You tentacle-slap the orc wizard but do no damage.
You grab the orc wizard.
The orc wizard is severely wounded.
You constrict the orc wizard, but do no damage.
The orc wizard closely misses you.
The orc wizard gestures at you while chanting.
The magic dart hits you!
You die...

··▒· ▒▒▒
▒···▒▒·····
·>···▒▒
▒▒▒▒▒▒▒·▒▒▒
▒·· ▒▒· ···
▒·······▒
▒·▒▒·▒▒▒▒▒▒▒
▒····▒ ▒▒▒·▒▒
▒···▒
▒···▒·▒▒▒▒
▒·▒▒▒···@▒▒▒▒
··· ▒▒▒▒·o··▒
··· ▒▒▒▒·▒▒
▒▒▒ ▒··▒▒▒▒
▒▒·)··▒▒
▒▒▒▒··▒ ▒▒··▒
8·8·8 ·⌠·⌠··▒


You could see an orc wizard.

Vanquished Creatures
  An orc priest (D:3)
  An orc wizard (D:3)
  3 iguanas (D:4)
  2 adders
  An ooze (D:1)
  3 worms
  A dart slug (D:1)
  A leopard gecko (D:1)
  10 orcs
  A ball python (D:1)
  3 goblins (D:1)
  8 hobgoblins
  2 jackals (D:2)
  2 bats (D:1)
  5 frilled lizards
  A jackal skeleton (D:4)
  4 kobolds
  7 rats
56 creatures vanquished.

Notes
Turn   | Place    | Note
-------+----------+-------------------------------------------
     0 | D:1      | Azzok the Octopode Fire Elementalist began the quest for
                  | the Orb.
     0 | D:1      | Reached XP level 1. HP: 11/11 MP: 3/3
   206 | D:1      | Reached XP level 2. HP: 12/17 MP: 1/5
   837 | D:1      | Reached XP level 3. HP: 15/21 MP: 3/6
  2153 | D:2      | Found a basalt altar of Yredelemnul.
  2485 | D:3      | Found a hazy altar of Hepliaklqana.
  2605 | D:3      | Reached XP level 4. HP: 27/27 MP: 5/8
  2843 | D:3      | Found a shadowy altar of Dithmenos.
  2847 | D:3      | Found a bloodstained altar of Trog.
  3067 | D:3      | Reached skill level 4 in Fire Magic
  3067 | D:3      | Reached XP level 5. HP: 7/31 MP: 0/9
  3666 | D:3      | Found a blossoming altar of Fedhas.
  3882 | D:4      | Found Zaotuof's Jewellery Emporium.
  3897 | D:4      | Reached XP level 6. HP: 23/36 MP: 0/11
  3906 | D:4      | Killed from afar by an orc wizard

Levels and vault maps discovered:
D:1:      evilmike_arrival_hilbert_curve, layout_basic, lemuel_another_geyser
D:2:      layout_basic, yredelemnul_altar_generic
D:3:      layout_loops_ring, grunt_temple_overflow_open, old_standard_altar,
          serial_rivers, chequers_serial_rivers_room_b,
          chequers_serial_rivers_micro_b, chequers_serial_rivers_large_a,
          chequers_serial_rivers_small_b, chequers_serial_rivers_marsh,
          chequers_serial_rivers_marsh, fedhas_altar_2
D:4:      layout_rooms, serial_shops,
          nicolae_shop_temple_entry_statues_fountains, serial_bayou,
          serial_bayou_lagoon_b, serial_bayou_pond_c, serial_bayou_crossing,
          serial_bayou_pond_d, first_ration, dk_noncrumbling_4

Skill      XL: |  1  2  3  4  5 |
---------------+----------------+-----
Conjurations   | 2 3 |  3.3
Spellcasting   | 3 |  3.5
Fire Magic     | 4 |  4.4
Dodging        | |  2.0
Stealth        | |  2.6

Action                   |  1- 3 |  4- 6 || total
-------------------------+-------+-------++-------
Melee: Unarmed           |    17 |    10 ||    27
       Constrict         |     4 |     3 ||     7
       Tentacles         |     2 |       ||     2
 Cast: Flame Tongue      |    56 |    53 ||   109
  Eat: Chunk             |     2 |     4 ||     6
       Ration            |     1 |       ||     1
Armor: Skin              |     2 |     1 ||     3
Dodge: Dodged            |    26 |    19 ||    45

Table legend:
 A = Non-vault XP
 B = Vault XP
 C = Vault XP percentage of total XP
 D = Non-vault monster count
 E = Vault monster count
 F = Vault count percentage of total count
                 A         B        C        D         E       F
            +---------+---------+-------+---------+---------+-------
      Total |     324 |       0 |   0.0 |      56 |       0 |   0.0
            +---------+---------+-------+---------+---------+-------
        D:1 |      41 |       0 |   0.0 |      20 |       0 |   0.0
        D:2 |      33 |       0 |   0.0 |      10 |       0 |   0.0
        D:3 |     135 |       0 |   0.0 |      20 |       0 |   0.0
        D:4 |     115 |       0 |   0.0 |       6 |       0 |   0.0
            +---------+---------+-------+---------+---------+-------
